AoeStats
← schmeno

Arabia

509190965Analyzed
1v1 RM · 7d ago on Sep 25, 2026· 59m 18s· 2 players
Game mode
Random Map
Map size
Tiny (2 player)
Population
200
Speed
Normal
Resources
Standard
Victory
Conquest
Starting age
Dark Age
Ending age
Imperial Age
RankedLock teamsTeams togetherTeam positionsShared explorationLock speedFull tech treeHidden civsTurbo modeCheats
Victory
Defeat
🇺🇸 Saxons · United States
1130
+16
🇮🇹 Danes · Italy
1121
-16
GecTM
6:44 Loom
9:16 Feudal Age
9:59 Man-at-Arms
10:58 Double-Bit Axe
13:21 Scale Mail Armor
23:20 Fletching
23:31 Padded Archer Armor
23:42 Forging
26:55 Castle Age
26:19 Gold Mining
26:12 Horse Collar
27:19 Elite Skirmisher
30:25 Squires
30:30 Bodkin Arrow
31:38 Chain Mail Armor
37:35 Pikeman
40:08 Gambesons
42:00 Thumb Ring
42:45 Bow Saw
47:53 Iron Casting
54:58 Imperial Age
54:45 Ballistics
54:44 Leather Archer Armor
56:05 Conscription
schmeno
2:38 Loom
7:36 Loom
10:08 Feudal Age
10:39 Double-Bit Axe
13:55 Fletching
15:35 Padded Archer Armor
17:34 Horse Collar
23:10 Castle Age
22:28 Bloodlines
24:56 Scale Barding Armor
25:24 Bodkin Arrow
25:32 Crossbowman
28:59 Chain Barding Armor
30:01 Thumb Ring
30:58 Stone Mining
31:08 Town Watch
35:12 Leather Archer Armor
40:03 Ballistics
43:03 Imperial Age
43:45 Wheelbarrow
43:46 Bracer
46:09 Chemistry
45:46 Guard Tower
46:43 Arbalester
49:25 Capped Ram
49:35 Cavalier
50:30 Forging
51:15 Keep
50:52 Masonry
52:44 Siege Ram
55:14 Ring Archer Armor
55:19 Iron Casting
54:33 Onager
55:28 Arrowslits
56:15 Architecture
56:32 Murder Holes
58:01 Light Cavalry
58:41 Husbandry
58:56 Hussar
60:20 Iron Casting
Connection lost

Rejoining the realm…

Still unreachable

The connection could not be restored.

Session expired

The server has moved on; the page needs a fresh start.